 Dungeon Crawl Stone Soup version 0.27-a0-366-g8badd94918 (webtiles) character file.

Game seed: 12199453254290750715

87 jestyr24 the Covered (level 4, -6/40 HPs)
             Began as a Minotaur Fighter on Feb 16, 2021.
             Mangled by Sigmund
             ... wielding a +0 scythe
              (11 damage)
             ... on level 2 of the Dungeon.
             The game lasted 00:04:26 (886 turns).

jestyr24 the Covered (Minotaur Fighter)              Turns: 886, Time: 00:04:26

Health: -6/40      AC:  9    Str: 21    XL:     4   Next: 28%
Magic:  3/3        EV:  5    Int:  5    God:
Gold:   71         SH:  9    Dex: 10    Spells: 3/3 levels left

rFire    + . .     SeeInvis .   a - +0 war axe
rCold    . . .     Faith    .   c - +0 kite shield
rNeg     . . .     Spirit   .   j - +0 chain mail
rPois    .         Reflect  .   (helmet restricted)
rElec    .         Harm     .   (no cloak)
rCorr    .         Rampage  .   (no gloves)
Will     .....                  (no boots)
Stlth    ..........             (no amulet)
HPRegen  0.13/turn              g - ring of protection from fire
MPRegen  0.08/turn              (no ring)

@: lethally poisoned (-6 -> -8)
A: retaliatory headbutt, horns 2
a: no special abilities


You were on level 2 of the Dungeon.
You visited 1 branch of the dungeon, and saw 2 of its levels.

You collected 71 gold pieces.

Inventory:

Hand Weapons
 a - a +0 war axe (weapon)
 k - a +2 dagger of speed
Missiles
 b - 6 atropa-tipped darts
 i - 27 poisoned darts (quivered)
Armour
 c - a +0 kite shield (worn)
 j - a +0 chain mail (worn)
Jewellery
 g - a ring of protection from fire (left hand)
Scrolls
 e - a scroll of immolation {unknown}
 f - a scroll of enchant weapon {unknown}
 l - a scroll of fog {unknown}
 m - a scroll of random uselessness {unknown}
 o - a scroll of identify {unknown}
Potions
 d - a potion of might
 h - a potion of mutation {unknown}
 n - a potion of degeneration {unknown}


   Skills:
 + Level 4.2 Fighting
 - Level 2.4 Axes
 * Level 0.9 Throwing
 + Level 4.6 Armour
 + Level 0.3 Dodging
 + Level 4.6 Shields


You had 3 spell levels left.
You didn't know any spells.
Your spell library was empty.

Dungeon Overview and Level Annotations

Branches:
Dungeon (2/15)

Altars:

Annotations:
D:2 Sigmund


Innate Abilities, Weirdness & Mutations

You reflexively headbutt those who attack you in melee.
You have a pair of horns on your head.


Message History

The puff of flame hits you. You resist. The adder bites you but does no damage.
Sigmund points at you and mumbles some strange words.
The magic dart hits you.
Sigmund points at you and mumbles some strange words.
You resist with some effort. You block Sigmund's attack.
You block the adder's attack.
You closely miss Sigmund. You slash the adder!
The adder bites you but does no damage.
Sigmund casts a spell at himself.
Sigmund flickers and vanishes!
Deactivating autopickup; reactivate with Ctrl-A.
The adder bites you but does no damage.
You closely miss something. Your headbutt misses something. You miss the adder.
You block something's attack. The adder bites you.
You are poisoned.
The adder poisons you! The adder bites you but does no damage.
You closely miss something. You miss the adder.
You feel sick. Something hits you but does no damage.
The adder bites you but does no damage. The adder bites you.
You are more poisoned.
The adder poisons you! Something hits you but does no damage.
You barely miss something. You headbutt something.
You completely miss the adder.
You feel sick. The adder barely misses you. The adder completely misses you.
You furiously retaliate!
You headbutt the adder.
You kill the adder!
Something hits you!
You completely miss something.
You feel sick. Something hits you.
You miss something.
You feel sick. Something hits you!
* * * LOW HITPOINT WARNING * * *
You hit something. You headbutt something.
You feel sick. Something hits you but does no damage.
You closely miss something. Your headbutt misses something.
Something hits you but does no damage.
You miss something.
You feel sick. Something hits you but does no damage.
You barely miss something. You headbutt something.
You block something's attack.
You barely miss something. Your headbutt misses something.
You feel sick. Something hits you!
You die...

### #.. #.#
#.#####.#######
#.........@{..#
..#####.#####.#
...####†#####.#
.............(.
...####.#######
#.# # #.# .#
#.#########..###
#...)...........


There were no monsters in sight!

Vanquished Creatures
  Natasha (D:2)
  An adder (D:2)
  An ooze (D:1)
  A worm (D:2)
  A dart slug (D:1)
  2 leopard geckos
  2 giant cockroaches (D:1)
  3 goblins
  3 hobgoblins
  3 jackals (D:2)
  7 bats
  5 frilled lizards (D:1)
  9 kobolds
  5 rats
44 creatures vanquished.

Notes
Turn   | Place    | Note
-------+----------+-------------------------------------------
     0 | D:1      | jestyr24 the Minotaur Fighter began the quest for the Orb.
     0 | D:1      | Reached XP level 1. HP: 19/19 MP: 0/0
   103 | D:1      | Reached XP level 2. HP: 27/27 MP: 1/1
   364 | D:1      | Reached XP level 3. HP: 33/33 MP: 2/2
   780 | D:2      | Noticed Natasha
   787 | D:2      | Killed Natasha
   806 | D:2      | Reached XP level 4. HP: 38/40 MP: 3/3
   871 | D:2      | Noticed Sigmund
   886 | D:2      | Mangled by Sigmund

Illustrated notes

Levels and vault maps discovered:
D:1:      giann_forest_graveyard, layout_loops_ring
D:2:      layout_loops_ring, uniq_natasha, uniq_sigmund

Skill      XL: |  1  2 |
---------------+-------+-----
Armour         | 4 |  4.6
Fighting       | 4 |  4.2
Shields        | 4 |  4.6
Axes           | |  2.4
Throwing       | |  0.9
Dodging        | |  0.3

Action                   |  1- 3 |  4- 6 || total
-------------------------+-------+-------++-------
Melee: War axe           |    66 |    24 ||    90
       Headbutt          |     6 |     4 ||    10
Throw: Dart              |     7 |       ||     7
Armor: Scale mail        |     4 |       ||     4
       Chain mail        |    36 |    10 ||    46
Dodge: Dodged            |    20 |     4 ||    24
Block: Kite shield       |    53 |    18 ||    71

Table legend: (Time is in decaauts)
 A = Elapsed time spent in this place.
 B = Non-inter-level travel time spent in this place.
 C = Inter-level travel time spent in this place.
 D = Time resting spent in this place.
 E = Time spent auto-exploring this place.
 F = Levels seen in this place.
 G = Mean time per level.
                   A        B        C        D        E       F      G
               +--------+--------+--------+--------+--------+-----+--------+
         Total |    939 |    918 |     21 |      0 |    515 |   2 |  469.5 |
       Dungeon |    939 |    918 |     21 |      0 |    515 |   2 |  469.5 |
               +--------+--------+--------+--------+--------+-----+--------+

Top non-repeatable levels by time:
     D:1: 716 daAuts
     D:2: 223 daAuts
